 Dungeon Crawl Stone Soup version 0.31.0-32-g396128a36d (webtiles) character file.

Game seed: 16101561881603119212

13338 TacoSundae the Basher (level 11, -2/94 HPs)
             Began as an Armataur Fighter on Apr 13, 2024.
             Was a High Priest of Okawaru.
             Slain by a yak (12 damage)
             ... on level 1 of the Lair of Beasts.
             The game lasted 00:41:24 (12379 turns).

TacoSundae the Basher (Armataur Fighter)           Turns: 12379, Time: 00:41:25

Health: -2/94      AC: 28    Str: 31    XL:     11   Next: 74%
Magic:  14/15      EV:  8    Int:  9    God:    Okawaru [*****.]
Gold:   756        SH:  7    Dex: 10    Spells: 10/10 levels left

rFire   . . .        b - +8 trident (protect)
rCold   . . .        c - +0 buckler
rNeg    . . .        F - +0 acid dragon scales
rPois   .            J - +2 helmet {SInv}
rElec   .            H - +0 cloak
rCorr   +            (no gloves)
SInv    +            n - +1 barding
Will    .....        y - amulet of magic regeneration
Stlth   ++           h - ring of resist corrosion
HPRegen 0.35/turn    e - +6 ring of strength
MPRegen 0.54/turn

%: roll
@: heroic, under a protective aura
A: large, deformed body, tough skin 3, armoured tail, roll 2
a: Renounce Religion, Heroism, Finesse, Duel


You were on level 1 of the Lair of Beasts.
You worshipped Okawaru.
Okawaru was extremely pleased with you.
You visited 3 branches of the dungeon, and saw 13 of its levels.
You also visited: Ossuary.

You collected 1026 gold pieces.
You spent 270 gold pieces at shops.

Inventory:

Hand Weapons
 a - a +3 mace of protection
 b - a +8 trident of protection (weapon)
 B - a +0 heavy morningstar
Missiles
 d - 2 throwing nets
 q - 29 poisoned darts (quivered)
Armour
 c - a +0 buckler (worn)
 i - +0 shadow dragon scales
 n - a +1 barding (worn)
 F - +0 acid dragon scales (worn)
 H - a +0 cloak (worn)
 J - a +2 helmet of see invisible (worn)
Jewellery
 e - a +6 ring of strength (right hand)
 h - a ring of resist corrosion (left hand)
 k - a ring of flight
 w - a ring of ice
 y - an amulet of magic regeneration (around neck)
 E - a ring of protection from fire
Wands
 u - a wand of roots (16)
 x - a wand of flame (9)
 A - a wand of digging (8)
 C - a wand of polymorph (7)
Scrolls
 f - a scroll of blinking
 g - a scroll of summoning
 j - 3 scrolls of teleportation
 m - 3 scrolls of enchant armour
 p - a scroll of immolation
 s - 3 scrolls of identify
 t - a scroll of brand weapon
 I - 2 scrolls of fog
Potions
 l - 4 potions of attraction
 o - a potion of enlightenment
 r - 2 potions of lignification
 v - 11 potions of curing
 z - 2 potions of mutation
 D - a potion of brilliance
 G - 2 potions of resistance


   Skills:
 + Level 7.8(12.8) Fighting
 * Level 12.4(17.4) Maces & Flails
 - Level 6.3(11.3) Armour
 + Level 9.2(14.2) Shields
 + Level 6.4 Invocations


You had 10 spell levels left.
You didn't know any spells.
Your spell library contained the following spells:

 Spells                   Type           Power      Damage    Failure   Level
 Cause Fear               Hex            0%         N/A       99%         4
 Ignite Poison            Fire/Alch      0%         N/A       99%         4
 Sticky Flame             Fire/Alch      0%         2d4       99%         4
 Fireball                 Conj/Fire      0%         3d3       100%        5
 Iskenderun's Battlesphe  Conj           0%         2d6       100%        5
 Bombard                  Conj/Erth      0%         9d1       100%        6
 Ignition                 Fire           0%         3d3       100%        8
 Spellforged Servitor     Conj/Summ      Unusable   N/A       N/A         7
 Dragon's Call            Summ           Unusable   N/A       N/A         9

Dungeon Overview and Level Annotations

Branches:
Dungeon (11/15)            Temple (1/1) D:4            Lair (1/5) D:11
    Orc (0/2) D:11        Ossuary (visited)

Altars:
Ashenzari
Cheibriados
Dithmenos
Elyvilon
Fedhas
Hepliaklqana
Kikubaaqudgha
Makhleb
Nemelex Xobeh
Okawaru
Qazlal
Ru
Sif Muna
Trog
Uskayaw
Vehumet
Wu Jian
Xom
Yredelemnul
Zin
The Shining One

Shops:
D:7 *   D:9 *!=[

Annotations:
D:3 1 runed translucent door, Crazy Yiuf


Innate Abilities, Weirdness & Mutations

Armour fits poorly on your strangely shaped body.
You have extremely tough skin. (AC +3)
You have a long armoured tail.
You regenerate magic and health when rolling toward enemies. (Rampage Regen)


Message History

You feel very sick. The black mamba bites you.
The black mamba barely misses you.
Unknown command.
You miss the black mamba.
The black mamba is heavily wounded.
You feel very sick. You block the black mamba's attack.
The black mamba bites you!
* * * LOW HITPOINT WARNING * * *
The black mamba bites you.
* * * LOW HITPOINT WARNING * * *
You are lethally poisoned!
The black mamba poisons you!
You feel better. The black mamba bites you.
* * * LOW HITPOINT WARNING * * *
The black mamba barely misses you.
As you read the scroll of fear, it crumbles to dust.
You assume a fearsome visage.
The black mamba looks frightened!
The water moccasin looks frightened!
The yak looks frightened!
Unknown command.
Okay, then.
Blink to where?
Press: ? - help, Dir - move target, p - black mamba
As you read the scroll of blinking, it crumbles to dust.
The yak gores you but does no damage. The yak gores you!
* * * LOW HITPOINT WARNING * * *
The yak attacks as it pursues you! The yak gores you but does no damage.
The yak attacks as it pursues you! You block the yak's attack.
The yak attacks as it pursues you! You block the yak's attack.
The yak attacks as it pursues you! The yak gores you.
* * * LOW HITPOINT WARNING * * *
Okay, then.
Okay, then.
You gain the combat prowess of a mighty hero.
The yak barely misses you.
You hit the yak.
Your weapon exudes an aura of protection.
The yak is lightly wounded.
The yak gores you!
You die...

####..##......#
##.###÷.#....###
###...........##
#........P....##
##............#.#
##..........#..###
##..>.........#.##
#.....<÷.........# #
#.....÷........#@# ###..
...............#Y###.....
#..............#Y......#
..............###...####
...........#### #..##
..........## #.##
......[.#P# ##.#
#......#### #..#####
#....### ##....#§#


You could see 2 yaks.

Vanquished Creatures
  Snorg (D:10)
  Josephine (D:10)
  A fire dragon (D:10)
  A gargoyle (D:9)
  A cane toad (Lair:1)
  2 trolls (D:11)
  3 blink frogs
  6 wraiths
  A wyvern (D:11)
  10 yaks
  Grum (D:7)
  2 acid dragons (D:10)
  2 water moccasins
  3 ice beasts
  5 orc warriors
  2 black bears (D:4)
  A sky beast (D:7)
  An ogre (D:7)
  12 wolves
  A phantom (D:3)
  10 centaurs
  2 kobold brigands
  5 bullfrogs
  6 gnoll sergeants
  5 wights
  10 killer bees
  6 howler monkeys
  4 crimson imps (D:8)
  A bombardier beetle (D:3)
  7 orc priests
  5 gnoll boudas
  12 hounds
  A sleepcap (D:5)
  Jessica (D:3)
  4 iguanas
  9 orc wizards
  8 mummies (Ossuary)
  40 gnolls
  6 adders
  A shadow imp (D:6)
  4 white imps (D:8)
  2 ufetubi (D:4)
  A dart slug (D:4)
  A ribbon worm (D:3)
  40 orcs
  7 ball pythons
  3 bats
  5 endoplasms
  8 goblins
  6 hobgoblins
  5 jackals
  7 kobolds
  4 quokkas
  2 frilled lizards (D:2)
  4 hobgoblin zombies (Ossuary)
  2 kobold zombies (Ossuary)
  2 orc zombies (Ossuary)
  5 rats
308 creatures vanquished.

Vanquished Creatures (collateral kills)
  A wight (D:6)
  An orc priest (D:6)
2 creatures vanquished.

Vanquished Creatures (others)
  A gnoll (D:3)
  An endoplasm (D:3)
2 creatures vanquished.

Grand Total: 312 creatures vanquished

Notes
Turn   | Place    | Note
-------+----------+-------------------------------------------
     0 | D:1      | TacoSundae the Armataur Fighter began the quest for the
                  | Orb.
     0 | D:1      | Reached XP level 1. HP: 18/18 MP: 1/1
    62 | D:1      | Reached skill level 2 in Maces & Flails
    88 | D:1      | You fall into a shaft and drop 1 floor!
   125 | D:2      | Reached XP level 2. HP: 21/25 MP: 2/2
   263 | D:2      | Reached skill level 3 in Maces & Flails
   423 | D:2      | Reached XP level 3. HP: 30/30 MP: 3/3
   558 | D:1      | Found a faded altar of an unknown god.
  1547 | D:3      | Reached skill level 4 in Maces & Flails
  1547 | D:3      | Reached XP level 4. HP: 35/37 MP: 4/4
  1647 | D:3      | Found a runed translucent door.
  1648 | D:3      | Noticed Crazy Yiuf
  1682 | D:3      | Noticed a gnoll sergeant
  1690 | D:3      | Killed a gnoll sergeant
  1691 | D:3      | Reached XP level 5. HP: 37/42 MP: 5/5
  1695 | D:3      | Reached skill level 5 in Maces & Flails
  1734 | D:3      | Noticed Jessica
  1740 | D:3      | Killed Jessica
  1746 | D:3      | Found a stormy altar of Qazlal.
  1818 | D:3      | Noticed a phantom
  1831 | D:3      | Killed a phantom
  1832 | D:3      | Reached skill level 6 in Maces & Flails
  1832 | D:3      | Reached XP level 6. HP: 37/50 MP: 6/6
  2524 | D:4      | Found a staircase to the Ecumenical Temple.
  2536 | Temple   | Entered the Ecumenical Temple
  2840 | D:4      | Reached skill level 7 in Maces & Flails
  2840 | D:4      | Gained mutation: You regenerate magic and health when
                  | rolling toward enemies. (Rampage Regen) [Armataur growth]
  2840 | D:4      | Reached XP level 7. HP: 33/56 MP: 7/7
  3183 | D:5      | Entered Level 5 of the Dungeon
  3704 | D:5      | Found an ancient bone altar of Kikubaaqudgha.
  4096 | D:6      | Reached XP level 8. HP: 35/63 MP: 8/8
  4222 | D:6      | Found a sand-covered staircase.
  4234 | Ossuary  | Entered an ossuary
  4452 | Ossuary  | Reached skill level 8 in Maces & Flails
  4662 | D:6      | Reached skill level 5 in Armour
  5146 | D:6      | Found an iron altar of Okawaru.
  5149 | D:6      | Became a worshipper of Warmaster Okawaru
  5161 | D:6      | Reached skill level 5 in Shields
  5161 | D:6      | Found a blossoming altar of Fedhas.
  5413 | D:7      | Found a broken altar of Ashenzari.
  5457 | D:7      | Reached * piety under Okawaru
  5562 | D:7      | Reached XP level 9. HP: 52/72 MP: 9/9
  5614 | D:7      | Reached skill level 9 in Maces & Flails
  5970 | D:7      | Found Kouv's Assorted Antiques.
  6003 | D:7      | Reached skill level 1 in Invocations
  6010 | D:7      | Reached skill level 5 in Fighting
  6206 | D:7      | Found a hide-covered altar of Uskayaw.
  6354 | D:7      | Reached ** piety under Okawaru
  6452 | D:7      | Noticed Grum
  6462 | D:7      | Killed Grum
  7021 | D:8      | Reached skill level 10 in Maces & Flails
  7167 | D:8      | Found a glowing silver altar of Zin.
  7383 | D:8      | Reached XP level 10. HP: 73/83 MP: 12/12
  7792 | D:9      | Found Juineu Mueb's Distillery.
  7880 | D:9      | Found a basalt altar of Yredelemnul.
  7969 | D:9      | Reached *** piety under Okawaru
  8671 | D:9      | Found Vulur's Assorted Antiques.
  8674 | D:9      | Bought a scroll labelled LUYNI PEFIVU for 24 gold pieces
  8675 | D:9      | Bought a metallic puce potion for 21 gold pieces
  8720 | D:9      | Found Ubbaf's Jewellery Boutique.
  8747 | D:9      | Reached **** piety under Okawaru
  8859 | D:9      | Found an ornate altar of the Wu Jian Council.
  9019 | D:9      | Found Zussuq's Antique Armour Shop.
  9028 | D:9      | Bought a glowing helmet for 225 gold pieces
  9078 | D:9      | Noticed a gargoyle
  9355 | D:9      | Killed a gargoyle
  9483 | D:9      | Found a white marble altar of Elyvilon.
  9575 | D:10     | Entered Level 10 of the Dungeon
  9603 | D:9      | Reached skill level 11 in Maces & Flails
  9690 | D:10     | Found a sacrificial altar of Ru.
  9739 | D:10     | Noticed a fire dragon
  9957 | D:10     | Noticed Josephine
  9968 | D:10     | Killed Josephine
  9968 | D:10     | Reached ***** piety under Okawaru
  9969 | D:10     | Reached skill level 5 in Invocations
  9969 | D:10     | Reached XP level 11. HP: 55/91 MP: 14/14
  9991 | D:10     | Killed a fire dragon
 10286 | D:10     | Noticed Snorg
 10561 | D:10     | Killed Snorg
 10852 | D:11     | Identified the +1 war axe of Gedulyt {freeze, Dex+3}
 11339 | D:11     | Reached skill level 12 in Maces & Flails
 11406 | D:11     | Found a staircase to the Lair.
 11464 | D:11     | Found a staircase to the Orcish Mines.
 11590 | Lair:1   | Entered Level 1 of the Lair of Beasts
 12379 | Lair:1   | Slain by a yak

Illustrated notes

Levels and vault maps discovered:
D:1:      matt_arrival_los_fun, layout_basic,
          shapermc_ecumenical_altar_mp_urbaneastern
D:2:      layout_loops_ring
D:3:      layout_rooms, grunt_qazlal_clouds, uniq_crazy_yiuf_cottage,
          uniq_jessica
D:4:      layout_rooms, minmay_temple_entry_glass
D:5:      layout_cave_pods, mainiacjoe_overflow_paths
D:6:      layout_loops_ring, kennysheep_mini_moat,
          fedhas_bush_and_centaur_altar, chequers_ossuary_entry_cave,
          nicolae_the_louvre
D:7:      layout_cave_pools, cheibrodos_ashenzari_chains,
          nicolae_overflow_hidden_temple, serial_gnoll_camp,
          gnoll_camp_mini_shop, gnoll_camp_mini_house, gnoll_camp_mini_house,
          gnoll_camp_mini_basic, grums_kennel, nicolae_water_bricks,
          serial_park_tiny_1
D:8:      layout_basic, mainiacjoe_overflow_surrounded_room, enter_bailey_2,
          minmay_fire_ice_demons
D:9:      kennysheep_six_static_rooms, layout_long_grid, kennysheep_ying_yang,
          nzn_wu_jian_contemplation, serial_shops, shop,
          nicolae_shop_behind_doors, shop, shop, kennysheep_generic_room_8
D:10:     layout_cave_pools, nicolae_ru_awakened_eye, nicolae_zen_rock_garden,
          uniq_snorg, uniq_josephine
D:11:     layout_cross, erik_lair_orcish_takeover, orc_david_3
Temple:   zaba_magenta_temple
Lair:1:   layout_cave_pods

Skill      XL: |  1  2  3  4  5  6  7  8  9 10 11 |
---------------+----------------------------------+-----
Maces & Flails | 2 3 4 6 7 8 10 11 12 | 12.4
Armour         | 4 6 |  6.3
Fighting       | 3 4 5 6 7 |  7.8
Shields        | 4 5 6 8 9 |  9.2
Invocations    | 3 5 6 |  6.4

Action                     |  1- 3 |  4- 6 |  7- 9 | 10-12 || total
---------------------------+-------+-------+-------+-------++-------
  Melee: Flail             |    75 |   127 |       |       ||   202
         Tailslap          |     8 |    13 |    57 |    76 ||   154
         Morningstar       |       |       |   176 |       ||   176
         Trident           |       |       |   242 |   489 ||   731
         Mace              |       |       |    18 |       ||    18
 Invoke: Heroism           |       |       |       |     7 ||     7
         Finesse           |       |       |       |     2 ||     2
  Evoke: Wand              |       |       |       |     3 ||     3
    Use: Potion            |       |     1 |     4 |     8 ||    13
         Scroll            |       |       |    21 |     7 ||    28
 Armour: Scale mail        |    50 |   171 |   469 |   439 ||  1129
         Acid dragon scale |       |       |       |   302 ||   302
  Dodge: Dodged            |    18 |    58 |   115 |   206 ||   397
  Block: Buckler           |     9 |    41 |   127 |   230 ||   407
